Map: Curious Minds LE

Players

Erik

  • Race: Zerg Zerg

TIME (Oliveira) - Winner!

  • Race: Terran Terran

Event: DreamHack SC2 Masters Last Chance 2022

VOD

Have the link to the VOD?

Description

Time

  • Played on: Dec. 19, 2021, 6:31 p.m.
  • Length: 13:23

All games in this series

Show
View Real Time Build Order
Export as new Build Order

Erik Zerg 

Build Orders: Hatch First 

Get SALT Encoding   

  12  0:00  Drone  
  13  0:08  Drone  
  14  0:16  Drone, Extractor  
  15  0:36  Hatchery  
  15  0:41  Extractor  
  15  0:42  Drone  
  15  0:48  Overlord  
  15  1:04  Spawning Pool  
  15  1:06  Drone  
  15  1:09  Drone  
  16  1:13  Drone  
  16  1:18  Drone  
  18  1:20  Extractor  
  17  1:30  Drone  
  18  1:39  Drone  
  19  1:50  Queen  
  19  1:51  Queen  
  19  1:52  Zergling x2  
  19  1:54  Drone  
  25  2:00  Overlord  
  25  2:03  Drone  
  26  2:10  Drone  
  26  2:14  Drone  
  28  2:20  Drone  
  28  2:22  Drone  
  30  2:31  Drone  
  30  2:35  Overlord  
  31  2:37  Lair  
  31  2:42  Drone  
  31  2:44  Extractor  
  31  2:45  Drone  
  32  2:52  Drone  
  32  2:54  Drone  
  34  3:01  Extractor  
  34  3:03  Drone x6  
  34  3:04  Extractor  
  37  3:08  Overlord  
  37  3:11  Drone  
  38  3:21  Drone x2  
  42  3:32  Zergling x6  
  45  3:41  Spire  
  42  3:44  Zergling x4, Spine Crawler  
  43  3:50  Overlord  
  43  3:54  Drone x2  
  45  3:56  Drone x2  
  47  4:03  Drone  
  47  4:07  Drone x3  
  51  4:14  Roach Warren  
  51  4:15  Drone  
  51  4:18  Drone  
  51  4:22  Overlord  
  52  4:28  Overlord  
  52  4:47  Overlord  
  52  4:53  Mutalisk x7  
  52  4:59  Mutalisk  
  66  5:03  Glial Reconstitution  
  68  5:08  Mutalisk x2  
  72  5:20  Drone  
  73  5:25  Overlord  
  73  5:28  Hatchery  
  72  5:32  Roach x2  
  76  5:39  Zerg Flyer Weapons Level 1  
  76  5:41  Overlord x2  
  76  5:45  Mutalisk x2  
  80  5:55  Mutalisk  
  82  5:57  Mutalisk  
  82  6:02  Overlord  
  84  6:05  Drone x4  
  84  6:07  Drone x3  
  91  6:24  Roach x2  
  93  6:32  Roach x2  
  93  6:49  Roach  
  93  6:50  Roach x6  
  93  6:52  Drone  
  108  7:04  Overlord  
  108  7:06  Roach x3  
  114  7:09  Overlord x4  
  114  7:21  Roach  
  114  7:23  Overlord  
  114  7:24  Overlord  
  114  7:25  Roach x4  
  122  7:32  Mutalisk x5  
  132  7:41  Roach  
  132  7:42  Roach x3  
  140  8:01  Mutalisk x2  
  140  8:04  Drone  
  140  8:05  Drone  
  146  8:07  Metabolic Boost  
  146  8:08  Baneling Nest  
  146  8:09  Drone  
  146  8:10  Drone x3, Queen  
  146  8:11  Overlord  
  151  8:20  Zergling x10  
  156  8:30  Zergling x2  
  156  8:31  Zergling x4  
  155  8:37  Hatchery, Zergling x10  
  159  8:43  Zergling x2  
  159  8:44  Zergling x6  
  159  8:56  Centrifugal Hooks  
  157  9:06  Zergling x18  
  166  9:16  Ravager x7  
  173  9:19  Zergling x6  
  173  9:20  Zergling x4  
  173  9:23  Overlord x5  
  178  9:24  Overseer  
  178  9:29  Extractor  
  175  9:41  Baneling x7  
  175  9:42  Baneling x5  
  175  9:44  Zergling x4  
  175  9:45  Zergling x6  
  180  9:52  Queen  
  180  9:55  Baneling  
  180  9:56  Baneling x5  
  180  9:57  Zergling x16  
  180  9:58  Zergling x6  
  193  10:07  Baneling  
  193  10:08  Baneling x5  
  193  10:14  Zergling x2  
  193  10:15  Zergling x12  
  193  10:19  Baneling x7  
  187  10:43  Roach x6  
  172  10:52  Zergling x18  
  138  11:01  Zergling x2  
  138  11:02  Zergling x4  
  123  11:13  Baneling x6  
  123  11:14  Baneling x17  
  123  11:18  Zergling x18  
  132  11:28  Evolution Chamber  
  132  11:29  Zergling x8  
  132  11:30  Evolution Chamber  
  132  11:31  Ravager  
  135  11:45  Roach x6  
  147  11:52  Zergling x22  
  142  12:07  Zergling x16  
  144  12:15  Baneling x15  
  144  12:23  Drone x4  
  144  12:27  Zergling x8  
  144  12:29  Ravager x2  
  154  12:33  Extractor  
  153  12:38  Drone x2  
  153  12:39  Drone x3  
  153  12:43  Ravager  
Show
View Real Time Build Order
Export as new Build Order

TIME Terran - Winner!

Build Orders: Reaper Expand 

Get SALT Encoding   

  12  0:00  SCV  
  13  0:12  SCV  
  14  0:17  Supply Depot  
  14  0:24  SCV  
  15  0:38  SCV  
  15  0:41  Barracks  
  16  0:43  Refinery  
  16  0:50  SCV  
  17  1:02  SCV  
  18  1:15  SCV  
  19  1:28  Reaper, Orbital Command  
  20  1:39  Command Center  
  20  1:49  Supply Depot  
  20  1:54  SCV  
  21  1:59  Marine  
  22  2:06  SCV  
  23  2:13  Factory  
  23  2:19  SCV  
  24  2:22  Barracks Reactor  
  24  2:31  SCV  
  25  2:39  Command Center  
  25  2:43  SCV  
  26  2:56  SCV  
  27  3:00  Orbital Command  
  26  3:08  Refinery  
  26  3:09  Starport, SCV  
  27  3:16  Hellion  
  27  3:19  Hellion  
  31  3:22  Barracks Tech Lab  
  31  3:23  SCV  
  31  3:26  SCV  
  33  3:35  SCV  
  33  3:38  SCV  
  33  3:39  Hellion  
  33  3:41  Hellion  
  39  3:45  Viking  
  39  3:48  SCV  
  42  3:50  SCV  
  43  3:56  Orbital Command  
  43  4:03  SCV x2  
  43  4:04  Marine  
  43  4:06  Stimpack  
  43  4:09  Barracks  
  46  4:15  Factory Reactor, Barracks  
  46  4:18  SCV  
  46  4:19  SCV  
  46  4:22  Starport Tech Lab  
  46  4:23  SCV  
  49  4:26  Marine  
  49  4:31  SCV  
  51  4:32  Supply Depot  
  51  4:33  SCV  
  51  4:35  SCV  
  53  4:43  SCV  
  53  4:45  SCV  
  55  4:46  Marine  
  55  4:47  SCV  
  55  4:50  Starport Reactor  
  55  4:51  Engineering Bay  
  55  4:52  Engineering Bay  
  57  4:55  SCV  
  57  4:56  Refinery  
  57  4:57  SCV  
  57  4:58  Refinery  
  59  5:00  Supply Depot, Marine x2  
  59  5:04  Marine  
  59  5:05  Siege Tank  
  59  5:06  SCV  
  66  5:08  SCV  
  66  5:09  Marine x2  
  69  5:18  Terran Infantry Weapons Level 1  
  69  5:19  Terran Infantry Armor Level 1  
  69  5:20  SCV  
  69  5:21  Marine x2  
  69  5:27  Supply Depot, Marine  
  70  5:29  Supply Depot, Missile Turret  
  70  5:33  Missile Turret  
  70  5:35  Marine  
  71  5:36  Medivac  
  71  5:39  Missile Turret  
  71  5:41  Marine x2  
  75  5:43  Widow Mine  
  75  5:48  Marine x2  
  75  5:49  Medivac  
  79  5:51  Combat Shield  
  79  5:53  SCV x2  
  79  5:54  Marine  
  82  5:59  Marine x2  
  82  6:02  SCV  
  84  6:06  Marine  
  84  6:07  Widow Mine  
  84  6:08  Marine  
  84  6:09  Supply Depot  
  84  6:11  Medivac  
  90  6:12  Marine  
  90  6:20  SCV  
  90  6:23  Marine x2  
  90  6:25  Supply Depot  
  93  6:28  Barracks  
  93  6:30  Marine  
  93  6:31  Marauder, Widow Mine, Barracks  
  93  6:32  Orbital Command  
  98  6:33  Supply Depot  
  96  6:40  Marine  
  96  6:42  Marine  
  91  6:48  Marine x2  
  91  6:51  SCV x2  
  90  6:57  SCV  
  90  6:58  Marine x2  
  96  7:03  SCV x2, Marine  
  96  7:04  Missile Turret  
  96  7:06  Marine  
  97  7:10  Supply Depot, SCV, Marine  
  97  7:14  Supply Depot  
  97  7:15  SCV x2  
  96  7:16  Barracks Reactor  
  96  7:17  Refinery  
  96  7:20  Siege Tank  
  96  7:21  Marauder, Marine  
  96  7:22  SCV  
  92  7:27  SCV x2  
  92  7:28  Armory  
  94  7:30  Marine  
  94  7:32  Marine x2  
  94  7:33  Barracks Tech Lab  
  94  7:34  SCV  
  98  7:39  SCV  
  98  7:42  SCV  
  100  7:45  Marauder  
  100  7:49  Marine  
  100  7:51  Medivac x2  
  99  7:52  Marine x2  
  99  7:54  Siege Tank  
  99  7:58  Marauder  
  101  8:00  Marine  
  101  8:01  Marine x2  
  101  8:12  Marine  
  102  8:13  Marauder  
  102  8:15  Terran Infantry Weapons Level 2  
  102  8:18  Terran Infantry Armor Level 2  
  104  8:20  Marine x2  
  104  8:21  Marine x2  
  104  8:22  Orbital Command  
  104  8:23  Marine  
  104  8:27  Marauder  
  110  8:30  Siege Tank  
  110  8:34  SCV, Marine  
  112  8:37  Marauder  
  115  8:42  SCV  
  115  8:47  Marine  
  117  8:53  Marine  
  117  8:54  Missile Turret  
  116  8:58  Marauder  
  116  9:01  Missile Turret, SCV  
  116  9:02  SCV  
  114  9:03  SCV  
  114  9:04  Siege Tank  
  114  9:05  Marine  
  119  9:10  Marine  
  119  9:12  Marauder  
  119  9:14  Marine  
  123  9:17  SCV  
  123  9:18  SCV  
  123  9:22  Marine x2  
  128  9:24  SCV  
  128  9:27  Marauder  
  128  9:30  Marine  
  128  9:31  Marine  
  132  9:33  SCV, Marine  
  133  9:42  Supply Depot  
  133  9:43  Supply Depot  
  133  9:44  Supply Depot, SCV, Siege Tank  
  137  9:46  Medivac  
  137  9:50  Medivac  
  141  10:03  Marauder, SCV, Marine x5  
  141  10:05  Marauder, Refinery, Marine  
  152  10:07  SCV  
  152  10:09  SCV  
  154  10:15  SCV  
  154  10:20  Supply Depot  
  155  10:22  Medivac  
  155  10:28  Supply Depot  
  157  10:30  Marine  
  157  10:34  SCV  
  157  10:35  Marauder  
  157  10:38  Marine  
  157  10:41  Medivac  
  157  10:42  Marauder, Siege Tank, Marine x2  
  164  10:44  Supply Depot  
  164  10:45  Marine  
  164  10:46  Supply Depot  
  164  10:47  Marine  
  149  10:52  Marine  
  149  10:56  Marine  
  149  10:57  Marauder  
  124  10:59  Marine  
  124  11:01  Marine  
  124  11:03  Marauder, Concussive Shells  
  116  11:07  Marine x2  
  118  11:14  Siege Tank  
  118  11:15  Marine x2  
  118  11:17  Medivac  
  125  11:23  Marauder, Marine x2  
  131  11:33  Marauder, Marine  
  131  11:34  Marine  
  131  11:35  Marine  
  131  11:37  Medivac  
  131  11:38  Command Center  
  133  11:40  Marine x2  
  133  11:44  Marine  
  133  11:46  Marauder  
  138  11:49  Refinery  
  138  11:50  Refinery, Siege Tank  
  132  12:03  Marauder, Marine x5  
  132  12:04  Medivac  
  132  12:05  Marine  
  142  12:11  Marauder, SCV  
  145  12:24  Marauder, Marine x3  
  145  12:25  Siege Tank  
  145  12:26  Command Center  
  145  12:28  Medivac  
  145  12:29  Marine x2  
  157  12:30  Marine  
  157  12:36  Marauder  
  159  12:38  Medivac  
  159  12:42  Supply Depot  
  161  12:47  Marine x3  
  161  12:48  Marauder, Marine  
  167  12:52  Marine x2  
  167  13:03  Barracks  
  167  13:05  Barracks  

Tags
 
Add a new tag
Caveats
  • Supply blocks, unpowered buildings, or Contaminate may cause inaccurate times.
  • Supply counts are checked every 10 seconds.